 Dungeon Crawl Stone Soup version 0.21.1-1-g345015f (webtiles) character file.

307 letownia2 the Conjurer (level 6, -8/35 HPs)
             Began as a Tengu Conjurer on Mar 5, 2018.
             Shot with an arrow by a centaur (13 damage)
             ... on level 4 of the Dungeon.
             The game lasted 00:08:23 (1536 turns).

letownia2 the Conjurer (Tengu Conjurer)             Turns: 1536, Time: 00:08:25

Health: -8/35      AC:  4    Str:  8    XL:     6   Next: 40%
Magic:  11/11      EV: 12    Int: 18    God:
Gold:   118        SH:  0    Dex: 14    Spells: 1/11 levels left

rFire    . . .     SeeInvis +   a - +1 war axe (elec)
rCold    . . .     Gourm    .   (no shield)
rNeg     . . .     Faith    .   f - +0 leather armour
rPois    .         Spirit   .   (helmet restricted)
rElec    .         Reflect  .   (no cloak)
rCorr    .         Harm     .   j - +0 pair of gloves
MR       .....                  (boots unavailable)
Stlth    ++........             (no amulet)
HPRegen  0.11/turn              m - ring of see invisible
MPRegen  0.12/turn              (no ring)

@: no status effects
A: beak, talons 3, able to fly 1
a: Fly


You were on level 4 of the Dungeon.
You were not hungry.

You visited 1 branch of the dungeon, and saw 4 of its levels.

You collected 118 gold pieces.

Inventory:

Hand Weapons
 a - a +1 war axe of electrocution (weapon)
 h - a -3 short sword
 i - a +0 short sword
 q - a +0 spear
 t - a +0 trident
Armour
 d - a +0 ring mail
 f - a +0 leather armour (worn)
 j - a +0 pair of gloves (worn)
 k - a +2 shield
 r - cursed +0 fire dragon scales
Jewellery
 m - a ring of see invisible (left hand)
Scrolls
 e - 2 scrolls of remove curse
 l - a scroll of teleportation {unknown}
 o - a scroll of enchant weapon {unknown}
 p - 2 scrolls of identify {unknown}
Potions
 g - 2 potions of heal wounds {unknown}
 n - a potion of degeneration {unknown}
 s - a potion of mutation {unknown}
Books
 b - a book of Conjurations

   Spells                             Type                      Level
   a - Magic Dart                     Conjuration                  1
   b - Searing Ray                    Conjuration                  2
   c - Dazzling Spray                 Conjuration/Hexes            3
   d - Fulminant Prism                Conjuration/Hexes            4
   e - Force Lance                    Conjuration/Translocation    4
   f - Iskenderun's Mystic Blast      Conjuration                  4
Comestibles
 c - 5 rations
 u - 4 chunks of flesh


   Skills:
 + Level 1.8 Fighting
 + Level 2.0 Armour
 + Level 3.1 Dodging
 - Level 2.0 Stealth
 - Level 3.0 Spellcasting
 + Level 7.8 Conjurations


You had one spell level left.
You knew the following spells:

 Your Spells              Type           Power        Failure   Level  Hunger
a - Magic Dart            Conj           ####         1%          1    None
d - Iskenderun's Mystic   Conj           ####....     9%          4    ####...
l - Searing Ray           Conj           ####..       1%          2    ##.....
x - Dazzling Spray        Conj/Hex       ###...       14%         3    ###....


Dungeon Overview and Level Annotations

Branches:
Dungeon (4/15)
 Temple: D:4-7

Altars:
Kikubaaqudgha
Zin


Innate Abilities, Weirdness & Mutations

You have a beak for a mouth.
You have claws for feet.
You can fly.


Message History

d - Iskenderun's Mystic Blast
Found a leather armour.
You see here a leather armour.
A quokka and a scorpion come into view.
Found a robe.
You see here a leather armour.
You slash the quokka! Lightning courses through the quokka!
You kill the quokka!
Magic restored.
You see here a hunting sling.
Found 28 stones.
You see here 28 stones.
A centaur comes into view.
The centaur shouts!
The centaur wields a shortbow.
The centaur shoots an arrow.
The arrow hits you!!
Ouch! That really hurt!
* * * LOW HITPOINT WARNING * * *
The centaur shoots an arrow.
The arrow hits you!
You die...

### #.#
#########.#.#######
#........#
#......#... #.#
#..## ##@........
#.#
#.#.###(####.#c..
#.# #.##.#.## #.##
#.###.##
#..###.###.##
#...........#
#..###.###...# #..#
#.# ##..# #..# #.#
#..#


You could see a centaur.

Vanquished Creatures
  A hound (D:4)
  An orc priest (D:4)
  An iguana (D:4)
  An orc wizard (D:3)
  A worker ant (D:4)
  A hound zombie (D:4)
  6 gnolls
  3 adders
  An ooze (D:2)
  An adder skeleton (D:3)
  A dart slug (D:1)
  10 orcs
  A ball python (D:2)
  6 bats
  A giant cockroach (D:4)
  4 hobgoblins
  3 jackals (D:2)
  A quokka (D:4)
  5 frilled lizards
  3 goblins
  3 kobolds
  7 rats
62 creatures vanquished.

Notes
Turn   | Place    | Note
-------+----------+-------------------------------------------
     0 | D:1      | letownia2 the Tengu Conjurer began the quest for the Orb.
     0 | D:1      | Reached XP level 1. HP: 10/10 MP: 4/4
   273 | D:1      | Reached XP level 2. HP: 12/15 MP: 1/6
   287 | D:2      | Learned a level 2 spell: Searing Ray
   333 | D:2      | Reached skill level 6 in Conjurations
   416 | D:2      | Reached XP level 3. HP: 19/19 MP: 0/7
   748 | D:2      | Learned a level 3 spell: Dazzling Spray
   770 | D:4      | Reached XP level 4. HP: 24/24 MP: 0/9
   926 | D:3      | Reached skill level 7 in Conjurations
   982 | D:3      | Gained mutation: You can fly. [Tengu growth]
   982 | D:3      | Reached XP level 5. HP: 8/28 MP: 3/10
  1273 | D:4      | Reached skill level 1 in Armour
  1275 | D:4      | Found a glowing silver altar of Zin.
  1283 | D:4      | Found an ancient bone altar of Kikubaaqudgha.
  1296 | D:4      | Reached skill level 1 in Fighting
  1350 | D:4      | Reached XP level 6. HP: 32/34 MP: 6/11
  1438 | D:4      | Learned a level 4 spell: Iskenderun's Mystic Blast
  1536 | D:4      | Shot with an arrow by a centaur

Skill      XL: |  1  2  3  4  5  6 |
---------------+-------------------+-----
Conjurations   | 6 7 |  7.8
Spellcasting   | 3 |  3.0
Armour         | 1 2 |  2.0
Fighting       | 1 |  1.8
Dodging        | 3 |  3.1
Stealth        | |  2.0

Action                   |  1- 3 |  4- 6 || total
-------------------------+-------+-------++-------
Melee: Short sword       |    20 |     4 ||    24
       Kick              |     5 |     5 ||    10
       Unarmed           |     2 |       ||     2
       Peck              |     2 |     1 ||     3
       War axe           |       |    15 ||    15
 Cast: Magic Dart        |    33 |    31 ||    64
       Searing Ray       |     4 |     5 ||     9
       Dazzling Spray    |       |     2 ||     2
  Use: Scroll            |     2 |       ||     2
 Stab: Sleeping          |       |     1 ||     1
  Eat: Chunk             |       |     3 ||     3
Armor: Leather armour    |     9 |    11 ||    20
Dodge: Dodged            |    28 |    21 ||    49
